 Dungeon Crawl Stone Soup version 0.23.0-3-gf3c87f2 (webtiles) character file.

Game seed: 1491766442780193749

58 Borgoz the Sneak (level 4, -1/35 HPs)
             Began as a Ghoul Enchanter on Feb 25, 2019.
             Slain by a jackal (2 damage)
             ... on level 2 of the Dungeon.
             The game lasted 00:03:51 (1343 turns).

Borgoz the Sneak (Ghoul Enchanter)                  Turns: 1343, Time: 00:03:51

Health: -1/35      AC:  2    Str: 11    XL:     4   Next: 2%
Magic:  1/5        EV: 12    Int: 10    God:
Gold:   51         SH:  0    Dex: 10    Spells: 5/6 levels left

rFire    . . .     SeeInvis .     - Unarmed
rCold    + . .     Gourm    .   (no shield)
rNeg     + + +     Faith    .   b - +0 robe
rPois    ∞         Spirit   .   (no helmet)
rElec    .         Reflect  .   (no cloak)
rCorr    .         Harm     .   (no gloves)
MR       .....     Rnd*Tele +   (no boots)
Stlth    ++........             (no amulet)
HPRegen  0.00/turn              f - ring of teleportation (curse)
MPRegen  0.09/turn              (no ring)

@: rotting
A: rotting body, claws 1, carnivore, cold resistance 1, negative energy
resistance 3, inhibited regeneration, torment resistance, unbreathing
a: no special abilities


You were on level 2 of the Dungeon.
You were not hungry.

You visited 1 branch of the dungeon, and saw 2 of its levels.

You collected 51 gold pieces.

Inventory:

Missiles
 g - 7 poisoned needles
Armour
 a - a +0 ring mail
 b - a +0 robe (worn)
Jewellery
 f - a cursed ring of teleportation (left claw)
Scrolls
 c - a scroll of identify
Comestibles
 d - 3 rations


   Skills:
 + Level 1.6 Fighting
   Level 0.8 Short Blades
 + Level 2.4 Dodging
 - Level 3.2 Stealth
 + Level 1.7 Unarmed Combat
 - Level 1.7 Spellcasting
 + Level 2.8 Hexes


You had 5 spell levels left.
You knew the following spells:

 Your Spells              Type           Power        Failure   Level  Hunger
a - Corona                Hex            #......      10%         1    ##.....

Your spell library contained the following spells:

 Spells                   Type           Power        Failure   Level  Hunger
 Ensorcelled Hibernation  Hex/Ice        #.....       26%         2    ###....
 Confuse                  Hex            #.......     30%         3    ####...
 Tukima's Dance           Hex            #.......     30%         3    ####...
 Dazzling Spray           Conj/Hex       #.....       47%         3    ####...


Dungeon Overview and Level Annotations

Branches:
Dungeon (2/15)

Altars:


Innate Abilities, Weirdness & Mutations

Your body is rotting away.
You thrive on raw meat.
You are immune to poison.
You have sharp fingernails.
You are carnivorous and can eat meat at any time.
Your flesh is cold resistant. (rC+)
You are immune to negative energy. (rN+++)
You do not regenerate when monsters are visible.
You are immune to unholy pain and torment.
You can survive without breathing.


Message History

Jessica closely misses you. Jessica barely misses you.
You scratch Jessica.
Jessica is almost dead.
Jessica misses you.
Jessica zaps a wand.
You resist with significant effort.
You scratch Jessica.
You kill Jessica!
You have reached level 4!
The jackal misses you. The jackal bites you.
* * * LOW HITPOINT WARNING * * *
You barely miss the jackal. The jackal bites you.
* * * LOW HITPOINT WARNING * * *
You barely miss the jackal.
You feel yourself speed up. The jackal closely misses you.
The jackal bites you but does no damage.
You miss the jackal. The jackal misses you. The jackal closely misses you.
You scratch the jackal.
The jackal is almost dead.
The jackal bites you.
You die...

#########
........#
#@#
####h##
#.....#
#.....#
#.....#
#.?...#
#.....#
#.....#
+..?..+


You could see a jackal.

Vanquished Creatures
  Jessica (D:2)
  A worm (D:2)
  2 bats
  5 goblins (D:1)
  3 hobgoblins (D:1)
  6 jackals
  A kobold (D:1)
  3 frilled lizards
  5 rats
27 creatures vanquished.

Notes
Turn   | Place    | Note
-------+----------+-------------------------------------------
     0 | D:1      | Borgoz the Ghoul Enchanter began the quest for the Orb.
     0 | D:1      | Reached XP level 1. HP: 14/14 MP: 2/2
   369 | D:1      | Reached XP level 2. HP: 12/21 MP: 3/3
   557 | D:1      | Reached skill level 1 in Unarmed Combat
   658 | D:1      | Reached skill level 1 in Fighting
  1178 | D:2      | Reached XP level 3. HP: 26/28 MP: 4/4
  1295 | D:2      | Found a faded altar of an unknown god.
  1296 | D:2      | Noticed Jessica
  1339 | D:2      | Killed Jessica
  1339 | D:2      | Reached XP level 4. HP: 3/35 MP: 0/5
  1340 | D:2      | HP: 1/35 [jackal (1)]
  1343 | D:2      | Slain by a jackal

Skill      XL: |  1  2 |
---------------+-------+-----
Dodging        | 2 |  2.4
Unarmed Combat | 1 |  1.7
Fighting       | 1 |  1.6
Short Blades   | |  0.8
Stealth        | |  3.2
Spellcasting   | |  1.7
Hexes          | |  2.8

Action                   |  1- 3 |  4- 6 || total
-------------------------+-------+-------++-------
Melee: Unarmed           |   131 |     4 ||   135
 Cast: Corona            |    23 |       ||    23
  Use: Potion            |     3 |       ||     3
       Scroll            |     1 |       ||     1
 Stab: Sleeping          |     3 |       ||     3
  Eat: Chunk             |     9 |       ||     9
Armor: Robe              |    31 |     1 ||    32
Dodge: Dodged            |   124 |     4 ||   128
